AoeStats
← fatfatfattie

Nomad

510031583Analyzed
4v4 RM · 3d ago on Sep 29, 2026· 52m 33s· 8 players
Game mode
Random Map
Map size
231×231
Population
200
Speed
Normal
Resources
Standard
Victory
Conquest
Starting age
Dark Age
Ending age
Imperial Age
RankedLock teamsTeams togetherTeam positionsShared explorationLock speedFull tech treeHidden civsTurbo modeCheats
Victory
Defeat
🇨🇳 Huns · China
916
+15
🇨🇳 Celts · China
853
+18
🇩🇴 Varangians · Dominican Republic
852
+18
🇺🇸 Malay · United States
844
+18
🇲🇽 Magyars · Mexico
990
-20
🇺🇸 Teutons · United States
906
-18
🇲🇽 Bulgarians · Mexico
893
-17
🇲🇽 Italians · Mexico
814
-14
873108255
6:35 Loom
16:34 Feudal Age
18:11 Wheelbarrow
17:30 Double-Bit Axe
17:47 Fishing Lines
17:59 Town Watch
18:59 Horse Collar
20:33 Gold Mining
20:41 Stone Mining
23:03 Castle Age
23:07 Forging
24:32 Iron Casting
23:20 Light Cavalry
25:14 Hand Cart
25:25 Bow Saw
25:57 Gillnets
29:17 Scale Barding Armor
29:59 Husbandry
31:00 Chain Barding Armor
36:46 Imperial Age
35:40 Fletching
35:46 Stronghold
36:40 Scale Mail Armor
36:38 Bodkin Arrow
37:30 Gold Shaft Mining
37:31 Stone Shaft Mining
37:51 Conscription
37:12 Cavalier
39:14 Chemistry
38:35 Ballistics
39:24 Heavy Plow
40:55 Blast Furnace
40:52 Hoardings
41:37 Paladin
43:36 Padded Archer Armor
44:50 Fortified Wall
44:51 Masonry
45:14 Furor Celtica
46:49 Elite Woad Raider
47:13 Hussar
48:48 Scale Mail Armor
Mandark39
13:57 Loom
15:42 Feudal Age
21:32 Castle Age
20:12 Double-Bit Axe
24:49 Fletching
25:00 Scale Mail Armor
25:11 Forging
31:56 Bodkin Arrow
b3z1294
16:10 Feudal Age
21:54 Castle Age
21:52 Loom
23:14 Fishing Lines
24:12 Gillnets
25:00 Husbandry
25:08 Double-Bit Axe
28:36 Wheelbarrow
29:22 Bow Saw
30:47 Hand Cart
30:17 Horse Collar
31:32 Scale Barding Armor
38:29 Imperial Age
37:24 Elite Battle Elephant
40:04 Gold Mining
40:35 Elite Skirmisher
42:35 Forging
42:17 Fletching
42:28 Padded Archer Armor
43:17 Gold Shaft Mining
42:45 Heavy Plow
45:45 Ballistics
46:26 Chemistry
45:53 Crossbowman
46:39 Thumb Ring
46:59 Arbalester
49:27 Bodkin Arrow
49:48 Leather Archer Armor
Sanchi
12:42 Loom
14:58 Feudal Age
15:56 Horse Collar
19:21 Castle Age
17:49 Double-Bit Axe
19:02 Bloodlines
20:05 Gold Mining
23:25 Husbandry
25:34 Forging
28:14 Scale Barding Armor
30:39 Stone Mining
32:46 Bow Saw
37:33 Gold Shaft Mining
40:12 Heavy Plow
44:48 Imperial Age
44:16 Iron Casting
44:02 Chain Barding Armor
44:37 Thumb Ring
44:26 Fletching
44:37 Padded Archer Armor
46:01 Conscription
48:32 Blast Furnace
48:53 Plate Barding Armor
fatfatfattie
14:21 Feudal Age
13:07 Loom
15:17 Double-Bit Axe
15:17 Horse Collar
21:00 Castle Age
20:33 Stone Mining
22:27 Stone Shaft Mining
23:08 Bow Saw
23:14 Heavy Plow
23:22 Squires
25:01 Arson
28:18 Scale Barding Armor
28:24 Forging
30:32 Wheelbarrow
32:15 Chain Barding Armor
32:31 Iron Casting
33:06 Pikeman
37:47 Imperial Age
35:36 Hand Cart
36:03 Town Watch
37:51 Elite Teutonic Knight
38:53 Conscription
40:43 Plate Barding Armor
41:09 Blast Furnace
42:36 Chemistry
Odo'Sha
10:47 Loom
16:56 Feudal Age
17:45 Man-at-Arms
22:30 Castle Age
21:21 Double-Bit Axe
22:02 Gold Mining
22:34 Stone Mining
25:57 Horse Collar
26:05 Long Swordsman
27:04 Forging
26:18 Elite Skirmisher
27:57 Bow Saw
30:44 Iron Casting
33:03 Squires
36:27 Pikeman
40:32 Imperial Age
42:51 Silk Road
43:41 Wheelbarrow
42:53 Town Watch
46:06 Two-Man Saw
51:19 Hand Cart
51:30 Pirotechnia
50:56 Two-Handed Swordsman
esdrasvm
4:56 Loom
15:46 Feudal Age
16:33 Double-Bit Axe
21:21 Castle Age
20:09 Horse Collar
23:47 Wheelbarrow
23:45 Pikeman
24:26 Squires
24:54 Gambesons
27:01 Forging
26:52 Scale Mail Armor
29:14 Padded Archer Armor
29:04 Fletching
30:27 Iron Casting
31:34 Hand Cart
31:38 Bow Saw
34:10 Murder Holes
37:00 Heavy Plow
39:00 Bodkin Arrow
39:21 Leather Archer Armor
43:08 Scale Barding Armor
43:19 Chain Mail Armor
Inhapropiado
12:25 Loom
14:47 Feudal Age
18:55 Castle Age
17:43 Double-Bit Axe
19:41 Gold Mining
22:46 Horse Collar
23:31 Town Watch
24:20 Scale Barding Armor
27:20 Fletching
30:02 Pikeman
30:34 Arson
31:17 Scale Mail Armor
31:13 Bodkin Arrow
34:28 Thumb Ring
36:16 Heavy Plow
39:32 Imperial Age
38:23 Corvinian Army
39:48 Wheelbarrow
39:41 Ballistics
39:16 Murder Holes
39:29 Town Patrol
41:03 Parthian Tactics
43:40 Chemistry
44:02 Heavy Cavalry Archer
46:56 Padded Archer Armor
47:44 Hand Cart
Connection lost

Rejoining the realm…

Still unreachable

The connection could not be restored.

Session expired

The server has moved on; the page needs a fresh start.